 Dungeon Crawl Stone Soup version 0.25-a0-665-ga69d64035b (webtiles) character file.

Game seed: 4363990640011549017, levelgen mode: deterministic

18947 kae the Martial Artist (level 12, -1/88 HPs)
             Began as a Grey Draconian Transmuter on Mar 25, 2020.
             Was an Elder of Wu Jian.
             Slain by an eight-headed hydra (11 damage)
             ... on level 2 of the Lair of Beasts on Mar 26, 2020.
             The game lasted 00:19:28 (17033 turns).

kae the Martial Artist (Grey Draconian Transmuter) Turns: 17033, Time: 00:19:29

Health: -1/88      AC: 19    Str: 13    XL:     12   Next: 32%
Magic:  26/26      EV: 13    Int: 24    God:    Wu Jian [****..]
Gold:   615        SH:  0    Dex: 13    Spells: 20/31 levels left

rFire    + . .     SeeInvis .     - Unarmed
rCold    + . .     Gourm    .   (no shield)
rNeg     . . .     Faith    .   (armour unavailable)
rPois    .         Spirit   .   B - +0 hat {MR+}
rElec    .         Reflect  .   F - scarf {rC+ rF+}
rCorr    .         Harm     .   J - +2 pair of gloves
MR       +....                  u - +2 pair of boots
Stlth    +.........             (no amulet)
HPRegen  0.24/turn              m - +4 ring of intelligence
MPRegen  0.20/turn              t - +3 ring of intelligence

@: no status effects
A: walk through water, unfitting armour, unbreathing, cold-blooded, AC +13
a: Wall Jump, Serpent's Lash, Renounce Religion


You were on level 2 of the Lair of Beasts.
You worshipped Wu Jian.
Wu Jian was greatly pleased with you.
You were not hungry.

You visited 2 branches of the dungeon, and saw 13 of its levels.
You visited the Abyss 1 time.
You also visited: Gauntlet.

You collected 647 gold pieces.
You spent 32 gold pieces at shops.

Inventory:

Missiles
 a - 186 arrows
Armour
 u - a +2 pair of boots (worn)
 B - a +0 hat of magic resistance (worn)
 F - a scarf of resistance (worn)
 J - a +2 pair of gloves (worn)
Jewellery
 e - an uncursed ring of fire
 f - an uncursed amulet of harm
 m - a +4 ring of intelligence (left hand)
 t - a +3 ring of intelligence (right hand)
 I - an uncursed amulet of rage
Wands
 q - a wand of iceblast (7)
 v - a wand of paralysis (3)
 x - a wand of acid (21)
 y - a wand of digging (3)
 A - a wand of flame (26)
Scrolls
 b - 5 scrolls of remove curse
 d - 3 scrolls of amnesia
 g - 4 scrolls of fear
 j - 3 scrolls of magic mapping
 l - 3 scrolls of teleportation
 s - 3 scrolls of fog
 H - a scroll of identify
Potions
 h - 5 potions of mutation
 i - 2 potions of heal wounds
 k - 5 potions of curing
 o - 2 potions of flight
 p - a potion of cancellation
 r - 3 potions of haste
 w - 2 potions of stabbing
 C - a potion of degeneration
 D - a potion of brilliance
Miscellaneous
 G - a lightning rod (4/4)
Comestibles
 c - 15 rations
 n - 4 chunks of flesh


   Skills:
 + Level 2.9 Fighting
 + Level 2.9 Dodging
 - Level 14.0 Unarmed Combat
 - Level 10.1 Spellcasting
 - Level 10.0 Transmutations


You had 20 spell levels left.
You knew the following spells:

 Your Spells              Type           Power        Failure   Level  Hunger
a - Beastly Appendage     Tmut           ######       1%          1    None
b - Sticks to Snakes      Tmut           ######..     1%          2    None
c - Spider Form           Tmut/Pois      #####.....   1%          3    None
d - Blade Hands           Tmut           ######....   2%          5    ####...

Your spell library contained the following spells:

 Spells                   Type           Power        Failure   Level  Hunger
 Freeze                   Ice            ##..         5%          1    None
 Magic Dart               Conj           ##..         5%          1    None
 Ice Form                 Ice/Tmut       #####...     7%          4    #......
 Searing Ray              Conj           ##....       8%          2    None
 Dazzling Flash           Conj/Hex       ##....       16%         3    None
 Frozen Ramparts          Ice            ##....       16%         3    None
 Ozocubu's Armour         Chrm/Ice       ##......     16%         3    None
 Fulminant Prism          Conj/Hex       ##........   45%         4    #......
 Hailstorm                Conj/Ice       ##......     45%         4    #......
 Iskenderun's Mystic Bla  Conj/Tloc      ##......     45%         4    #......
 Summon Ice Beast         Ice/Summ       ##......     45%         4    #......


Dungeon Overview and Level Annotations

Branches:
Dungeon (11/15)            Temple (0/1) D:5            Lair (2/6) D:10
    Orc (0/2) D:11        Gauntlet (visited)
  Swamp: Lair:2-4    Shoals: Lair:2-4     Snake: Lair:2-4    Spider: Lair:2-4

Altars:
Ashenzari
Cheibriados
Elyvilon
Nemelex Xobeh
Okawaru
Trog
Wu Jian
Xom

Shops:
D:9 =

Annotations:
Lair:1 3 runed translucent doors, WasteTime2's ghost, journeyman DEIE


Innate Abilities, Weirdness & Mutations

You can walk through water.
Your dull iron-grey scales are very hard. (AC +13)
You cannot fit into any form of body armour.
You can survive without breathing.
You are cold-blooded and may be slowed by cold attacks.


Message History

The eight-headed hydra is almost dead.
The eight-headed hydra bites you!! The eight-headed hydra bites you.
The eight-headed hydra barely misses you.
The eight-headed hydra bites you but does no damage.
The eight-headed hydra bites you.
The eight-headed hydra completely misses you.
The eight-headed hydra bites you but does no damage.
The eight-headed hydra bites you!
You barely miss the eight-headed hydra.
You tail-slap the eight-headed hydra, but do no damage.
The eight-headed hydra is almost dead.
The eight-headed hydra bites you!
* * * LOW HITPOINT WARNING * * *
The eight-headed hydra bites you.
* * * LOW HITPOINT WARNING * * *
The eight-headed hydra barely misses you.
The eight-headed hydra closely misses you.
The eight-headed hydra bites you but does no damage.
The eight-headed hydra bites you!
You die...

###.........####..,,*
#...........P#.....#
#..................*
##................#*
**#.......∩........#
,,.................#
,,.........P#.P..?.#
,..###.###.....#.$.##
,,,* #** #.+....@...#
,,,* #.##...D..##
,,** #.........# *,**
#.#####P..# *,,*
*#.#* ##..# *,,*
*..Y* *...# *,**
*#.,***##..#* *,****
**,,,**,,#...*
,,,*,***,,,,,,,,....#


You could see an eight-headed hydra (pinned).

Vanquished Creatures
  Gastronok (D:11)
  A minotaur (Gauntlet)
  A hydra (Lair:1)
  A ghost crab (Gauntlet)
  Erica (D:8)
  Urug (D:11)
  5 skeletal warriors
  Pikel (D:8)
  An orange crystal statue (Gauntlet)
  An ugly thing (D:11)
  A gargoyle (D:11)
  Maggie (D:8)
  2 spiny frogs (Lair:1)
  An orange demon (Abyss:1)
  A komodo dragon (Lair:2)
  A queen bee (Gauntlet)
  A hippogriff (D:10)
  Sigmund (D:6)
  A wyvern (D:10)
  Eustachio (D:5)
  A steam dragon (D:9)
  A hungry ghost (D:10)
  Grum (D:11)
  Menkaure (D:6)
  Duvessa (D:5)
  4 water moccasins
  5 porcupines
  An ice beast (D:8)
  3 orc warriors
  4 black bears
  2 sky beasts
  4 slaves (D:8)
  4 necrophages (Lair:2)
  5 ogres
  2 centaurs (D:10)
  7 wolves
  3 crocodiles (Lair:1)
  Blork the orc (D:6)
  A big kobold (D:10)
  7 bullfrogs
  2 gnoll sergeants
  A wyvern zombie (D:9)
  A wyvern skeleton (D:8)
  Dowan (D:5)
  5 scorpions
  8 killer bees
  13 wights
  7 howler monkeys
  2 crimson imps
  7 hounds
  A centaur skeleton (D:4)
  A gnoll shaman (D:10)
  2 jellies
  6 orc priests
  3 orc wizards (D:9)
  A small abomination (Abyss:1)
  2 iguanas
  4 worker ants
  15 gnolls
  7 adders
  A shadow imp (D:5)
  An adder zombie (D:7)
  An adder skeleton (D:4)
  3 worms
  A dart slug (D:3)
  4 leopard geckos
  61 orcs
  A ball python (D:5)
  11 bats
  3 giant cockroaches
  8 goblins
  2 hobgoblins (D:1)
  6 jackals (D:3)
  6 kobolds
  A quokka (D:4)
  2 frilled lizards
  2 jackal zombies (D:6)
  A leopard gecko skeleton (D:5)
  2 quokka skeletons
  6 rats
  2 plants (D:10)
297 creatures vanquished.

Vanquished Creatures (others)
  2 plants (Lair:1)
  4 withered plants (Gauntlet)
6 creatures vanquished.

Grand Total: 303 creatures vanquished

Notes
Turn   | Place    | Note
-------+----------+-------------------------------------------
     0 | D:1      | kae the Draconian Transmuter began the quest for the Orb.
     0 | D:1      | Reached XP level 1. HP: 16/16 MP: 3/3
     2 | D:1      | Noticed a tengu
     2 | D:1      | Noticed a vampire
     4 | D:1      | Noticed a dwarf
     8 | D:1      | Noticed an elf
    10 | D:1      | Noticed a halfling
    10 | D:1      | Noticed a troll
    12 | D:1      | Noticed a demigod
    12 | D:1      | Noticed an octopode
    14 | D:1      | Noticed a demonspawn
    14 | D:1      | Noticed a human
    16 | D:1      | Noticed a vine stalker
    16 | D:1      | Noticed a ghoul
    19 | D:1      | Noticed a centaur
    19 | D:1      | Noticed a minotaur
    21 | D:1      | Noticed a gargoyle
    21 | D:1      | Noticed a draconian
    23 | D:1      | Noticed a naga
    23 | D:1      | Noticed a spriggan
    25 | D:1      | Noticed a merfolk
    25 | D:1      | Noticed an ogre
    27 | D:1      | Noticed a formicid
    27 | D:1      | Noticed a felid
   212 | D:1      | Reached XP level 2. HP: 3/23 MP: 3/5
  1558 | D:2      | Reached XP level 3. HP: 11/28 MP: 4/6
  1815 | D:2      | Learned a level 2 spell: Sticks to Snakes
  1819 | D:2      | Learned a level 3 spell: Spider Form
  2748 | D:3      | Found a shimmering altar of Xom.
  2780 | D:3      | Reached skill level 4 in Unarmed Combat
  2823 | D:3      | Found an ornate altar of the Wu Jian Council.
  2838 | D:3      | Became a worshipper of the Wu Jian Council
  2920 | D:3      | Reached XP level 4. HP: 21/35 MP: 4/7
  3307 | D:3      | Found a shimmering altar of Xom.
  3307 | D:3      | Found a snail-covered altar of Cheibriados.
  3500 | D:4      | Found a sparkling altar of Nemelex Xobeh.
  3500 | D:4      | Found a bloodstained altar of Trog.
  3500 | D:4      | Found a shattered altar of Ashenzari.
  3535 | D:4      | Reached XP level 5. HP: 37/40 MP: 5/9
  3602 | D:4      | Reached * piety under Wu Jian
  3622 | D:4      | Noticed an ogre
  3632 | D:4      | Killed an ogre
  3632 | D:4      | Reached skill level 5 in Unarmed Combat
  3632 | D:4      | Reached XP level 6. HP: 26/47 MP: 6/11
  3855 | D:4      | Found a white marble altar of Elyvilon.
  4220 | D:4      | Reached skill level 6 in Unarmed Combat
  4220 | D:4      | Your scales start taking on a dull iron-grey colour.
  4220 | D:4      | Reached XP level 7. HP: 48/52 MP: 10/12
  4220 | D:4      | Gained mutation: You can survive without breathing. [Grey
                  | Draconian growth]
  4927 | D:5      | Entered Level 5 of the Dungeon
  5231 | D:5      | Found a staircase to the Ecumenical Temple.
  5398 | D:5      | Noticed Eustachio
  5424 | D:5      | Killed Eustachio
  5476 | D:5      | Learned a level 5 spell: Blade Hands
  5502 | D:5      | Noticed Dowan
  5505 | D:5      | Noticed Duvessa
  5523 | D:5      | Killed Dowan
  6065 | D:5      | Killed Duvessa
  6065 | D:5      | Reached skill level 7 in Unarmed Combat
  6167 | D:6      | Reached XP level 8. HP: 54/59 MP: 12/14
  6211 | D:6      | Reached skill level 5 in Transmutations
  6317 | D:6      | Noticed Sigmund
  6328 | D:6      | Killed Sigmund
  6446 | D:6      | Reached skill level 5 in Spellcasting
  6524 | D:6      | Noticed Blork the orc
  6524 | D:6      | Noticed Menkaure
  6535 | D:6      | Killed Blork the orc
  6539 | D:6      | Killed Menkaure
  6539 | D:6      | Reached skill level 8 in Unarmed Combat
  6907 | D:7      | HP: 2/59 [adder (4)]
  6911 | D:7      | Reached ** piety under Wu Jian
  7437 | D:7      | Reached XP level 9. HP: 64/64 MP: 13/17
  7480 | D:7      | Reached skill level 9 in Unarmed Combat
  7891 | D:8      | Noticed Erica
  7901 | D:8      | Killed Erica
  8051 | D:8      | Noticed Maggie
  8055 | D:8      | Reached skill level 10 in Unarmed Combat
  8075 | D:8      | Cast into level 1 of the Abyss (Maggie)
  8174 | Abyss:1  | Upgraded the game from 0.25-a0-663-gace7076f2c to
                  | 0.25-a0-665-ga69d64035b
  8177 | Abyss:1  | Noticed an orange demon
  8184 | Abyss:1  | Killed an orange demon
  8193 | D:8      | Escaped the Abyss
  8205 | D:8      | Killed Maggie
  8205 | D:8      | Reached XP level 10. HP: 67/71 MP: 17/20
  8401 | D:8      | Noticed Pikel
  8416 | D:8      | Killed Pikel
  8627 | D:8      | Reached skill level 11 in Unarmed Combat
  9003 | D:8      | Reached *** piety under Wu Jian
  9418 | D:9      | Found an iron altar of Okawaru.
  9471 | D:9      | Found Fyoc's Jewellery Boutique.
  9475 | D:9      | Bought a cursed amulet of inaccuracy for 32 gold pieces
  9755 | D:10     | Entered Level 10 of the Dungeon
 10025 | D:10     | Found a staircase to the Lair.
 10326 | D:10     | Reached **** piety under Wu Jian
 10685 | D:10     | Reached skill level 12 in Unarmed Combat
 10866 | D:10     | Reached ***** piety under Wu Jian
 11009 | D:11     | Noticed Urug
 11095 | D:11     | Noticed a skeletal warrior
 11098 | D:11     | Noticed a skeletal warrior
 11098 | D:11     | Noticed a skeletal warrior
 11101 | D:11     | Noticed a skeletal warrior
 11101 | D:11     | Noticed a skeletal warrior
 11193 | D:11     | Noticed Grum
 11206 | D:10     | Reached XP level 11. HP: 38/77 MP: 18/23
 11390 | D:11     | Killed Grum
 11430 | D:11     | Killed a skeletal warrior
 11723 | D:11     | Noticed Gastronok
 11915 | D:11     | Killed Gastronok
 12268 | D:11     | Killed Urug
 12645 | D:11     | Killed a skeletal warrior
 12835 | D:11     | Killed a skeletal warrior
 12835 | D:11     | Reached skill level 13 in Unarmed Combat
 13148 | D:11     | Noticed a white ugly thing
 13153 | D:11     | Killed a white ugly thing
 13475 | D:10     | Killed a skeletal warrior
 13702 | D:11     | Killed a skeletal warrior
 13894 | D:11     | Found a staircase to the Orcish Mines.
 14345 | Lair:1   | Entered Level 1 of the Lair of Beasts
 14359 | Lair:1   | Noticed a seven-headed hydra
 14374 | Lair:1   | Killed a seven-headed hydra
 14566 | Lair:1   | Reached skill level 10 in Transmutations
 14704 | Lair:1   | Found a runed translucent gate.
 15005 | Lair:1   | Reached XP level 12. HP: 60/83 MP: 22/25
 15324 | Lair:1   | Found a runed translucent gate.
 15324 | Lair:1   | Found a runed translucent gate.
 15326 | Lair:1   | Noticed WasteTime2's ghost (journeyman DEIE)
 15326 | Lair:1   | Noticed a 12-headed hydra
 15568 | Lair:2   | HP: 3/83 [komodo dragon (14)]
 15617 | Lair:2   | Reached skill level 14 in Unarmed Combat
 15660 | Lair:2   | Noticed an eight-headed hydra
 15663 | Lair:2   | Found a gate leading to a gauntlet.
 15667 | Gauntlet | Entered a Gauntlet
 15667 | Gauntlet | Found a large runed translucent door.
 15667 | Gauntlet | Found a large runed translucent door.
 15667 | Gauntlet | Found a large runed translucent door.
 15667 | Gauntlet | Found a large runed translucent door.
 15667 | Gauntlet | Found a runed translucent door.
 15667 | Gauntlet | Found a large runed translucent door.
 15667 | Gauntlet | Found a large runed translucent door.
 15667 | Gauntlet | Found a transporter.
 15667 | Gauntlet | Found a transporter.
 15667 | Gauntlet | Found a large runed translucent door.
 15667 | Gauntlet | Found a large runed translucent door.
 15667 | Gauntlet | Found a runed translucent gate.
 15667 | Gauntlet | Found a runed translucent gate.
 15667 | Gauntlet | Found a transporter.
 15941 | Gauntlet | Found a runed translucent door.
 15942 | Gauntlet | Found a large runed translucent door.
 15942 | Gauntlet | Found a large runed translucent door.
 15942 | Gauntlet | Found a large runed translucent door.
 15942 | Gauntlet | Found a large runed translucent door.
 15943 | Gauntlet | Found a large runed translucent door.
 15943 | Gauntlet | Found a large runed translucent door.
 15944 | Gauntlet | Found a large runed translucent door.
 15944 | Gauntlet | Found a large runed translucent door.
 15953 | Gauntlet | Found a runed translucent gate.
 15959 | Gauntlet | Found a transporter.
 15969 | Gauntlet | Found a transporter.
 15973 | Gauntlet | Found a transporter.
 15981 | Gauntlet | Noticed a hell beast
 15983 | Gauntlet | Found a transporter.
 16004 | Gauntlet | Found a transporter.
 16010 | Gauntlet | Found a transporter.
 16015 | Gauntlet | Found the +2 cloak of the Thief {+Fog Slay-2 SInv Stlth+}
 16029 | Gauntlet | Found a transporter.
 16029 | Gauntlet | Found a transporter.
 16029 | Gauntlet | Noticed a ghost crab
 16072 | Gauntlet | Found a transporter.
 16628 | Gauntlet | Killed a ghost crab
 16628 | Gauntlet | Reached skill level 10 in Spellcasting
 16850 | Gauntlet | Noticed a minotaur
 16860 | Gauntlet | Killed a minotaur
 17033 | Lair:2   | Slain by an eight-headed hydra

Levels and vault maps discovered:
D:1:      kb_arrival_jail, layout_basic, minmay_indecisive_spiral
D:2:      layout_basic
D:3:      layout_rooms, lemuel_coloured_pillars_altar, minitemple, first_ration,
          xom_teletrap_fun
D:4:      layout_layer_cave, elyvilon_altar_4, gammafunk_temple_overflow_claw
D:5:      layout_loops_corners, minmay_temple_entry_drinking_statues,
          chequers_serial_rivers_small_3, kennysheep_boxes, uniq_eustachio,
          uniq_duvessa
D:6:      layout_rooms, uniq_sigmund, uniq_blork_the_orc, uniq_menkaure
D:7:      layout_loops_corners
D:8:      layout_loops_ring, uniq_erica, uniq_maggie, uniq_pikel
D:9:      layout_basic, serial_shops, shop, okawaru_ov_weapons_minmay
D:10:     layout_roguey, dpeg_oklobed_lair, special_room [special_room_orc],
          blue_anna_alchemist [blue_anna_fruit_fields, blue_anna_fruit_fields]
D:11:     layout_cave_pods, david_orc_2, uniq_grum, uniq_urug, uniq_gastronok
Lair:1:   layout_chaotic_city, gammafunk_ghost_hydra_chop
Lair:2:   layout_chaotic_city, gauntlet_entry_generic, roderic_carrion_pond,
          serial_bayou_shore_b, infiniplex_staircase_pool

Skill      XL: |  1  2  3  4  5  6  7  8  9 10 11 12 |
---------------+-------------------------------------+-----
Unarmed Combat | 4 5 6 7 8 10 12 13 14 | 14.0
Transmutations | 3 4 6 7 8 10 | 10.0
Spellcasting   | 3 4 5 6 8 9 10 | 10.1
Dodging        | 2 |  2.9
Fighting       | 2 |  2.9

Action                   |  1- 3 |  4- 6 |  7- 9 | 10-12 || total
-------------------------+-------+-------+-------+-------++-------
Melee: Unarmed           |   189 |    99 |   249 |   559 ||  1096
       Tailslap          |    16 |     8 |     7 |    46 ||    77
       Kick              |    14 |     6 |       |       ||    20
       Headbutt          |     7 |     5 |       |     6 ||    18
       Punch             |     1 |     2 |     4 |    23 ||    30
 Cast: Beastly Appendage |    24 |    14 |     1 |    10 ||    49
       Sticks to Snakes  |     1 |       |       |       ||     1
       Spider Form       |       |     4 |    22 |    11 ||    37
       Blade Hands       |       |       |     3 |    27 ||    30
Invok: Lunge             |     3 |     5 |    14 |    50 ||    72
       Whirlwind         |       |       |     7 |    51 ||    58
       Serpent's Lash    |       |       |       |     5 ||     5
 Abil: Wall Jump         |       |       |       |     1 ||     1
Evoke: Wand              |       |       |       |     9 ||     9
  Use: Scroll            |     9 |     3 |     4 |    14 ||    30
       Potion            |       |       |     4 |     3 ||     7
 Stab: Sleeping          |     1 |       |     1 |       ||     2
       Distracted        |       |       |     1 |       ||     1
       Invisible         |       |       |     2 |       ||     2
  Eat: Chunk             |     7 |     4 |     7 |    17 ||    35
       Ration            |       |       |     3 |     5 ||     8
Armor: Skin              |    87 |    23 |    30 |   151 ||   291
Dodge: Dodged            |   178 |    64 |   158 |   247 ||   647

Table legend:
 A = Non-vault XP
 B = Vault XP
 C = Vault XP percentage of total XP
 D = Non-vault monster count
 E = Vault monster count
 F = Vault count percentage of total count
                 A         B        C        D         E       F
            +---------+---------+-------+---------+---------+-------
      Total |   16564 |   10504 |  38.8 |     225 |      66 |  22.7
            +---------+---------+-------+---------+---------+-------
        D:1 |      16 |       7 |  30.4 |       9 |       4 |  30.8
        D:2 |      39 |       0 |   0.0 |      13 |       0 |   0.0
        D:3 |      73 |       0 |   0.0 |      28 |       0 |   0.0
        D:4 |     654 |       0 |   0.0 |      21 |       0 |   0.0
        D:5 |      64 |     417 |  86.7 |       4 |       3 |  42.9
        D:6 |     440 |     474 |  51.9 |      11 |       3 |  21.4
        D:7 |     776 |       0 |   0.0 |      21 |       0 |   0.0
        D:8 |    1887 |    1988 |  51.3 |      27 |       3 |  10.0
        D:9 |     890 |       0 |   0.0 |      25 |       0 |   0.0
       D:10 |    2754 |     813 |  22.8 |      32 |      32 |  50.0
       D:11 |    4436 |    3009 |  40.4 |      13 |      10 |  43.5
     Lair:1 |    3443 |       0 |   0.0 |      16 |       0 |   0.0
     Lair:2 |     669 |     503 |  42.9 |       3 |       4 |  57.1
    Abyss:1 |     423 |       0 |   0.0 |       2 |       0 |   0.0
   Gauntlet |       0 |    3293 | 100.0 |       0 |       7 | 100.0
            +---------+---------+-------+---------+---------+-------
